 Dungeon Crawl Stone Soup version 0.30-a0-924-g0ad0bf95bc (webtiles) character file.

Game seed: 12613867654841242488

279303 Iniera the Severer (level 20, -2/139 HPs)
             Began as a Gargoyle Fighter on Mar 22, 2023.
             Was the Champion of Qazlal.
             Shot with an arrow by a deep elf master archer (29 damage)
             ... on level 3 of the Elven Halls on Mar 23, 2023.
             The game lasted 01:38:03 (33195 turns).

Iniera the Severer (Gargoyle Fighter)              Turns: 33195, Time: 01:38:04

Health: -2/139     AC: 44    Str: 34    XL:     20   Next: 44%
Magic:  7/13       EV: 11    Int: 13    God:    Qazlal [******]
Gold:   668        SH:  8    Dex: 11    Spells: 19/19 levels left

rFire   + + +      SeeInvis .    a - +3 executioner's axe (antimagic)
rCold   + + .      Faith    +    (shield currently unavailable)
rNeg    + . .      Spirit   .    C - +0 plate armour {Will+}
rPois   ∞          Reflect  .    G - +0 helmet {Int+3}
rElec   +          Rampage  .    N - scarf {rC+ rF+}
rCorr   +                        I - +2 pair of gloves
Will    ++...                    A - +2 pair of boots Stlth
                                 M - amulet of the Empire {Faith Regen+ MP+9}
HPRegen 1.23/turn                r - +6 ring of strength
MPRegen 0.13/turn                F - ring of Ziommamm {rElec rF++ rC+ rCorr Dex+2}

@: marked, protected from physical damage, flying, studying 2 skills, repel
missiles
A: sickness immunity, AC +15, big wings, negative energy resistance 1,
electricity resistance, torment resistance 1, petrification resistance
}: 2/15 runes: barnacled, gossamer
a: Renounce Religion, Upheaval, Elemental Force, Disaster Area


You were on level 3 of the Elven Halls.
You worshipped Qazlal.
Qazlal was exalted by your worship.
You visited 8 branches of the dungeon, and saw 35 of its levels.
You visited the Abyss 2 times.
You also visited: Bailey and Gauntlet.

You collected 3899 gold pieces.
You spent 3231 gold pieces at shops.

Inventory:

Hand Weapons
 a - a +3 antimagic executioner's axe (weapon)
Missiles
 d - 5 throwing nets (quivered)
 B - 25 javelins
 J - 6 silver javelins
Armour
 A - a +2 pair of boots (worn)
 C - a +0 plate armour of willpower (worn)
 G - a +0 helmet of intelligence (worn)
 I - a +2 pair of gloves (worn)
 N - a scarf of resistance (worn)
Jewellery
 q - a ring of protection from fire
 r - a +6 ring of strength (left hand)
 F - the ring of Ziommamm (right hand) {rElec rF++ rC+ rCorr Dex+2}
   (You acquired it on level 2 of the Dungeon)

   [ring of protection from cold]

   Dex:       It affects your dexterity (+2).
   rF:        It greatly protects you from fire.
   rC:        It protects you from cold.
   rElec:     It insulates you from electricity.
   rCorr:     It protects you from acid and corrosion.
 M - the amulet of the Empire (around neck) {Faith Regen+ MP+9}
   (You bought it in a shop on level 2 of the Orcish Mines)

   [amulet of faith]

   It allows you to gain divine favour quickly.
   MP:        It affects your magic capacity (+9).
   Regen:     It increases your rate of health regeneration.
 T - a ring of protection from cold
Wands
 b - a wand of light (6)
 n - a wand of roots (48)
 v - a wand of mindburst (8)
 w - a wand of digging (20)
 z - a wand of polymorph (11)
 D - a wand of flame (45)
 K - a wand of charming (24)
Scrolls
 h - 4 scrolls of amnesia
 l - 3 scrolls of fog
 s - 11 scrolls of teleportation
 t - 7 scrolls of immolation
 u - 5 scrolls of fear
 y - a scroll of silence
 H - 4 scrolls of magic mapping
 L - 6 scrolls of poison
 O - 17 scrolls of identify
 P - a scroll of blinking
 U - a scroll of summoning
 X - 2 scrolls of enchant armour
Potions
 c - 4 potions of brilliance
 g - 2 potions of cancellation
 i - 4 potions of lignification
 j - 5 potions of invisibility
 k - 5 potions of flight
 m - 5 potions of attraction
 p - 8 potions of ambrosia
 x - 15 potions of curing
 E - 8 potions of haste
 Q - 6 potions of resistance
 R - 2 potions of berserk rage
 S - 3 potions of heal wounds
 V - 2 potions of magic
 W - a potion of might
Miscellaneous
 e - a phial of floods
 f - a lightning rod (4/4)
 o - a phantom mirror


   Skills:
 + Level 19.4 Fighting
 + Level 20.7 Axes
 + Level 15.9 Armour
 + Level 7.2 Dodging
 - Level 3.2 Shields
 + Level 16.5 Invocations
 + Level 5.2 Evocations


You had 19 spell levels left.
You didn't know any spells.
Your spell library contained the following spells:

 Spells                   Type           Power      Damage    Failure   Level
 Apportation              Tloc           0%         N/A       78%         1
 Beastly Appendage        Tmut           0%         N/A       78%         1
 Foxfire                  Conj/Fire      0%         2x1d4     78%         1
 Slow                     Hex            0%         N/A       78%         1
 Sting                    Tmut/Pois      0%         1d3       78%         1
 Summon Small Mammal      Summ           0%         N/A       78%         1
 Lesser Beckoning         Tloc           0%         N/A       89%         2
 Poisonous Vapours        Pois/Air       0%         N/A       89%         2
 Wereblood                Tmut           0%         N/A       89%         2
 Confusing Touch          Hex            0%         N/A       98%         3
 Dazzling Flash           Conj/Hex       0%         N/A       98%         3
 Gell's Gravitas          Tloc           0%         N/A       98%         3
 Kindle Blastsparks       Fire/Tloc/Air  0%         2d10      98%         3
 Mephitic Cloud           Conj/Pois/Air  0%         N/A       98%         3
 Ozocubu's Armour         Ice            0%         N/A       98%         3
 Spider Form              Tmut/Pois      0%         N/A       98%         3
 Teleport Other           Tloc           0%         N/A       98%         3
 Vampiric Draining        Necr           0%         2d6       98%         3
 Airstrike                Air            0%         2d(0-16)  100%        4
 Animate Armour           Summ/Erth      0%         N/A       100%        4
 Animate Dead             Necr           0%         N/A       100%        4
 Iskenderun's Mystic Bla  Conj/Tloc      0%         2d3       100%        4
 Olgreb's Toxic Radiance  Pois           0%         N/A       100%        4
 Summon Lightning Spire   Summ/Air       0%         N/A       100%        4
 Alistair's Intoxication  Tmut/Pois      0%         N/A       100%        5
 Blade Hands              Tmut           0%         N/A       100%        5
 Fireball                 Conj/Fire      0%         3d3       100%        5
 Iskenderun's Battlesphe  Conj           0%         2d6       100%        5
 Metabolic Englaciation   Hex/Ice        0%         N/A       100%        5
 Plasma Beam              Fire/Air       0%         2x1d11    100%        5
 Conjure Ball Lightning   Conj/Air       0%         3x3d6     100%        6
 Iron Shot                Conj/Erth      0%         9d1       100%        6
 Simulacrum               Ice/Necr       0%         N/A       100%        6
 Starburst                Conj/Fire      0%         6d3       100%        6
 Haunt                    Necr/Summ      0%         N/A       100%        7
 Monstrous Menagerie      Summ           0%         N/A       100%        7
 Orb of Destruction       Conj           0%         9d5       100%        7
 Ozocubu's Refrigeration  Ice            0%         4d7       100%        7
 Spellforged Servitor     Conj/Summ      0%         N/A       100%        7
 Summon Hydra             Summ           0%         N/A       100%        7
 Ignition                 Fire           0%         3d3       100%        8
 Infestation              Necr           0%         N/A       100%        8


Dungeon Overview and Level Annotations

Branches:
Dungeon (15/15)            Temple (1/1) D:4            Lair (5/5) D:8
 Shoals (4/4) Lair:2       Spider (4/4) Lair:3        Slime (0/5) Lair:4
    Orc (2/2) D:11            Elf (3/3) Orc:2        Vaults (0/5) D:13
 Depths (1/4) D:15         Bailey (visited)         Gauntlet (visited)

Altars:
Ashenzari
Cheibriados
Dithmenos
Elyvilon
Fedhas
Gozag
Hepliaklqana
Kikubaaqudgha
Makhleb
Nemelex Xobeh
Okawaru
Qazlal
Ru
Sif Muna
Trog
Uskayaw
Vehumet
Wu Jian
Xom
Yredelemnul
Zin
The Shining One

Shops:
Orc:2 =?![   Elf:2 !   Shoals:1 *   Shoals:2 *

Portals:
Trove: D:12 (give 5 potions of resistance)

Annotations:
D:4 2 runed translucent doors, SoulCrusher669's ghost, novice DsGl
D:8 2 runed translucent doors, AverageBear's ghost, novice OpFi
D:9 exclusion: orange crystal statue
D:14 3 runed translucent doors, cforsyth's ghost, adept HuFi
Orc:2 2 runed translucent doors, FexLirch's ghost, adept DgTm


Innate Abilities, Weirdness & Mutations

You are immune to sickness and miasma.
Your stone body is resilient. (AC +15)
You are immune to poison.
Your large and strong wings let you fly.
You resist negative energy. (rN+)
You are resistant to electric shocks. (rElec)
You are resistant to unholy torment.
You are immune to petrification.


Message History

Qazlal accepts your kill.
The blast of ice hits the deep elf annihilator!
The deep elf annihilator is moderately wounded.
The deep elf annihilator is flash-frozen.
The deep elf master archer shoots an arrow.
You block the arrow.
Unknown command.
The deep elf master archer shoots an arrow.
The arrow hits you but does no damage.
The deep elf master archer shoots an arrow.
The arrow hits you!
A deep elf death mage comes into view. It is wielding a +0 rapier.
You closely miss the deep elf master archer.
The deep elf master archer is severely wounded.
The deep elf master archer is no longer encased in ice.
The deep elf annihilator is no longer encased in ice.
The deep elf master archer shoots an arrow.
You block the arrow.
The deep elf master archer shoots an arrow.
You block the arrow.
You closely miss the deep elf master archer.
The deep elf master archer is severely wounded.
The deep elf master archer shoots an arrow.
You block the arrow.
The deep elf master archer shoots an arrow.
The arrow completely misses you.
You slash the deep elf master archer!
The deep elf master archer is almost dead.
A deep elf pyromancer comes into view. It is wielding a +0 long sword.
The deep elf master archer shoots an arrow.
The arrow hits you!!
* * * LOW HITPOINT WARNING * * *
A wind drake comes into view.
You miss the deep elf master archer.
The deep elf master archer is almost dead.
The deep elf master archer shoots an arrow.
The arrow barely misses you.
The deep elf master archer shoots an arrow.
The arrow hits you!!
You die...

,,,⌠,,,,+,,*,###,,***,,***
**,,,,,,*,,#,...*** ***,,*
****,,**,,###.#* **,*
*+**,,,*.#.# *,* *,,,,,#*,..#
*,*** *,,,,##.##e# *,,,*
*****#...ee## **.*,*
*,**,##.##≈e### *##..*,*
*,*#.##.####@)###..#**,*
*,,.....$..°○°...#** *,*
***#.....)°§E....# **,*
****** *,#####.☼°....# *,,*
,,,,,***.#####○.))...# **,**
,,,,,,,.....°k.......###.,,**
,,,,,,*#....°........#...,,,*
***,*,,..............#.#.,,**
*,**,#.○...........#.#*,**


You could see a deep elf master archer, a deep elf annihilator, a deep elf death
mage, a wind drake, a deep elf pyromancer and a fire elemental (summoned).

Vanquished Creatures
  Saint Roka (Elf:2)
  Bai Suzhen (Shoals:4)
  Nikola (Shoals:3)
  Arachne (Spider:3)
  2 bone dragons
  A deep elf blademaster (Elf:3)
  Jorgrun (D:13)
  2 krakens
  Polyphemus (Shoals:3)
  An acid blob (Abyss:5)
  Kirke (Shoals:3)
  3 tentacled starspawn
  2 deep elf sorcerers
  7 emperor scorpions
  Aizul (Elf:2)
  Louise (Shoals:4)
  6 ghost moths
  An orc warlord (Orc:2)
  3 broodmothers
  A very ugly thing (Abyss:3)
  A deep elf demonologist (Elf:1)
  A minotaur (Gauntlet)
  A spark wasp (Spider:2)
  2 deep elf death magi
  An ettin (Depths:1)
  Josephine (Lair:4)
  4 entropy weavers
  5 merfolk javelineers
  6 merfolk impalers
  A deep elf high priest (Elf:2)
  A great orb of eyes (D:15)
  A merfolk aquamancer (Shoals:1)
  Harold (Lair:2)
  2 ice dragons (D:15)
  5 hydras
  An ogre mage (D:15)
  3 vault guards (D:13)
  A merfolk avatar (Shoals:4)
  7 boulder beetles
  3 radroaches
  A jorogumo (Spider:1)
  Erica (Orc:1)
  3 centaur warriors
  18 dancing weapons
  2 deep troll earth magi
  4 satyrs
  A deep troll shaman (Depths:1)
  5 two-headed ogres
  3 death yaks (Shoals:3)
  A thrashing horror (Abyss:5)
  An orc high priest (Elf:1)
  The ghost of relicbr the Covert, a journeyman SpDe of Dithmenos (Lair:2)
  16 deep elf knights
  A sixfirhy (Abyss:5)
  7 skysharks
  A fire crab (shapeshifter) (D:13)
  6 pharaoh ants
  2 iron trolls (Depths:1)
  3 skeletal warriors (D:15)
  A goliath frog (Lair:5)
  6 orb spiders
  A sun moth (Spider:2)
  14 sea snakes
  7 steelbarb worms
  A spriggan simulacrum (Spider:2)
  A necromancer (D:13)
  30 harpies
  7 deep elf archers
  20 deep elf zephyrmancers
  25 deep elf pyromancers
  2 wizards (D:13)
  2 lindwurms (Lair:1)
  6 orc knights
  17 wolf spiders
  7 ugly things
  16 manticores
  11 fauns
  3 oklob plants (Lair:4)
  10 cyclopes
  3 orc sorcerers (Orc:2)
  7 moths of wrath
  3 worldbinders
  3 black mambas
  5 demonic crawlers
  16 elephants
  6 water nymphs
  An apocalypse crab (Gauntlet)
  11 merfolk sirens
  2 smoke demons
  5 torpor snails
  A cane toad (shapeshifter) (D:14)
  27 cane toads
  2 hellions (Abyss:3)
  5 gargoyles
  3 rime drakes
  An anaconda simulacrum (Spider:2)
  A freezing wraith (Abyss:3)
  4 komodo dragons
  A yaktaur (D:15)
  A bunyip simulacrum (Abyss:3)
  2 polar bears
  8 wind drakes
  35 merfolk
  3 meliai (Spider:3)
  3 trolls (D:11)
  A raiju (Gauntlet)
  9 snapping turtles
  3 tyrant leeches (Lair:5)
  35 tarantellas
  30 blink frogs
  8 large abominations
  33 jumping spiders
  3 dream sheep
  Prince Ribbit (D:5)
  A centaur simulacrum (D:15)
  3 flying skulls (Gauntlet)
  11 culicivoras
  Sigmund (D:3)
  4 slime creatures (D:14)
  2 shadows
  2 air elementals
  4 wyverns
  7 basilisks
  5 water elementals
  35 yaks
  2 hogs
  20 humans
  A ynoxinul (Abyss:5)
  3 wraiths (Lair:4)
  53 redbacks
  A steam dragon (Gauntlet)
  13 vampire mosquitoes
  Edmund (D:6)
  6 wargs
  3 swamp worms (Gauntlet)
  2 harpy simulacra (Spider:2)
  An acid dragon (D:9)
  3 small abominations (Abyss:3)
  6 water moccasins
  An alligator simulacrum (Spider:2)
  A sky beast (D:6)
  2 black bears
  42 orc warriors
  22 centaurs
  15 ogres
  36 wolves
  A phantom (D:5)
  14 kobold brigands
  5 gnoll sergeants
  14 bullfrogs
  An earth elemental (Elf:2)
  A scorpion (D:6)
  3 deep troll simulacra (Spider:2)
  4 wights (D:6)
  11 killer bees
  2 vampire bats (Lair:1)
  4 electric eels
  6 howler monkeys
  A crimson imp (D:6)
  6 hounds
  2 jellies
  A lava snake (D:13)
  A quasit (Abyss:3)
  2 sleepcaps
  20 orc priests
  An iguana (D:5)
  7 hell rats (Lair:4)
  20 orc wizards
  10 gnolls
  6 adders
  2 shadow imps
  3 white imps (D:6)
  An ufetubus (D:6)
  A worm (D:3)
  73 orcs
  9 endoplasms
  4 giant cockroaches
  7 goblins
  10 hobgoblins
  7 jackals
  32 kobolds
  6 quokkas
  8 ball pythons
  13 bats
  2 frilled lizards (D:1)
  5 rats
  4 starspawn tentacles
  4 tentacles
1275 creatures vanquished.

Vanquished Creatures (collateral kills)
  2 emperor scorpions
  A hydra (Lair:5)
  A pharaoh ant (Spider:4)
  An orb spider (Spider:2)
  An orc sorcerer (Elf:2)
  An orc knight (Orc:2)
  4 moths of wrath
  2 manticores (Shoals:1)
  A merfolk siren (Shoals:1)
  A komodo dragon (Lair:5)
  A dream sheep (Shoals:1)
  A culicivora (Spider:4)
  A water elemental (Shoals:1)
  A warg (Orc:2)
  3 orc warriors
  An orc (Orc:2)
23 creatures vanquished.

Vanquished Creatures (others)
  A catoblepas (Shoals:3)
  A death yak (Shoals:3)
  A deep elf zephyrmancer (Elf:2)
  2 merfolk sirens (Shoals:3)
  A wind drake (Shoals:3)
  4 merfolk (Shoals:3)
  A human (Shoals:3)
  A warg (Orc:2)
  An orc wizard (Orc:2)
  An orc (Orc:2)
  15 fungi
  A lurking horror (Abyss:3)
  89 plants
  5 starspawn tentacles
  6 tentacles
130 creatures vanquished.

Grand Total: 1428 creatures vanquished

Notes
Turn   | Place    | Note
-------+----------+-------------------------------------------
     0 | D:1      | Iniera the Gargoyle Fighter began the quest for the Orb.
     0 | D:1      | Reached XP level 1. HP: 14/14 MP: 1/1
    91 | D:1      | Reached skill level 2 in Axes
   139 | D:1      | Reached XP level 2. HP: 19/19 MP: 2/2
   493 | D:1      | Reached XP level 3. HP: 23/24 MP: 3/3
  1037 | D:2      | Found a faded altar of an unknown god.
  1092 | D:2      | Reached skill level 3 in Axes
  1360 | D:2      | Identified a scroll of acquirement
  1360 | D:2      | Acquired the ring of Ziommamm {rElec rF++ rC+ rCorr Dex+2}
  1618 | D:2      | Reached XP level 4. HP: 29/29 MP: 4/4
  1826 | D:3      | Noticed Sigmund
  1834 | D:3      | Killed Sigmund
  1835 | D:3      | Reached skill level 4 in Axes
  1835 | D:3      | Reached XP level 5. HP: 34/34 MP: 5/5
  1835 | D:3      | Reached XP level 6. HP: 40/40 MP: 6/6
  2098 | D:3      | Reached skill level 5 in Fighting
  2536 | D:3      | Found a bloodstained altar of Trog.
  2537 | D:3      | Found a shadowy altar of Dithmenos.
  2739 | D:4      | Reached skill level 5 in Axes
  2883 | D:4      | Found a runed translucent door.
  2883 | D:4      | Noticed SoulCrusher669's ghost (novice DsGl)
  2914 | D:4      | Found a staircase to the Ecumenical Temple.
  2965 | Temple   | Entered the Ecumenical Temple
  2985 | Temple   | Became a worshipper of Qazlal Stormbringer
  3169 | D:4      | Reached XP level 7. HP: 44/44 MP: 7/7
  3276 | D:4      | Found a runed translucent door.
  3428 | D:5      | Entered Level 5 of the Dungeon
  3546 | D:5      | Noticed a wyvern
  3548 | D:5      | Reached skill level 6 in Axes
  3557 | D:5      | Killed a wyvern
  3580 | D:5      | Reached XP level 8. HP: 42/52 MP: 8/8
  3623 | D:5      | Reached skill level 7 in Axes
  3631 | D:5      | Reached * piety under Qazlal
  3649 | D:5      | Found a blossoming altar of Fedhas.
  3783 | D:5      | Noticed Prince Ribbit
  3814 | D:5      | Killed Prince Ribbit
  4128 | D:6      | Found a burning altar of Makhleb.
  4132 | D:6      | Reached skill level 8 in Axes
  4437 | D:6      | Reached XP level 9. HP: 43/56 MP: 9/9
  4540 | D:6      | Noticed Edmund
  4542 | D:6      | Found a glowing golden altar of the Shining One.
  4547 | D:6      | Killed Edmund
  4548 | D:6      | Reached skill level 5 in Armour
  4771 | D:6      | Reached skill level 9 in Axes
  4794 | D:6      | Reached ** piety under Qazlal
  4860 | D:6      | Found a hide-covered altar of Uskayaw.
  4905 | D:6      | Reached skill level 1 in Invocations
  5722 | D:7      | Reached skill level 10 in Axes
  5872 | D:8      | Reached XP level 10. HP: 53/64 MP: 12/12
  5913 | D:8      | You fall into a shaft and drop 1 floor!
  5972 | D:9      | Reached *** piety under Qazlal
  6017 | D:9      | Noticed an orange crystal statue
  6238 | D:9      | Noticed a torpor snail
  6240 | D:9      | Found a snail-covered altar of Cheibriados.
  6240 | D:9      | Noticed a torpor snail
  6242 | D:9      | Noticed a torpor snail
  6404 | D:8      | Found a flagged portal.
  6412 | D:8      | Found a large runed translucent door.
  6412 | D:8      | Found a large runed translucent door.
  6415 | Bailey   | Entered a bailey
  6531 | Bailey   | Reached skill level 11 in Axes
  6543 | Bailey   | Found a bloodstained altar of Trog.
  6655 | D:8      | Reached **** piety under Qazlal
  6672 | D:8      | Found a staircase to the Lair.
  6817 | D:8      | Noticed AverageBear's ghost (novice OpFi)
  7208 | D:9      | Identified the ring of Loiw Lio {rElec Int+6 Dex+5}
  7780 | D:10     | Entered Level 10 of the Dungeon
  7787 | D:10     | Reached XP level 11. HP: 66/71 MP: 14/14
  8176 | D:10     | Noticed a two-headed ogre
  8203 | D:10     | Killed a two-headed ogre
  8204 | D:10     | Reached skill level 12 in Axes
  8675 | D:11     | Acquired a +0 antimagic executioner's axe
  8729 | D:11     | Noticed a two-headed ogre
  8733 | D:11     | Killed a two-headed ogre
  8734 | D:11     | Reached skill level 10 in Fighting
  9011 | D:11     | Reached ***** piety under Qazlal
  9052 | D:11     | Reached skill level 13 in Axes
  9060 | D:11     | Found a staircase to the Orcish Mines.
  9201 | D:12     | Noticed a white ugly thing
  9212 | D:12     | Killed a white ugly thing
  9216 | D:12     | Reached XP level 12. HP: 47/79 MP: 5/15
  9323 | D:12     | Noticed a boulder beetle
  9332 | D:12     | Killed a boulder beetle
  9392 | D:12     | Identified the +8 demon trident "Ygong" {heavy, rC+ Will+}
  9397 | D:12     | Identified the +3 great sword "Embalmer" {flame, Int+3}
  9743 | D:12     | Reached skill level 14 in Axes
  9804 | D:12     | Found a portal to a secret trove of treasure.
 10036 | Lair:1   | Entered Level 1 of the Lair of Beasts
 10036 | Lair:1   | Found a gate leading to a gauntlet.
 10051 | Gauntlet | Entered a Gauntlet
 10051 | Gauntlet | Found a transporter.
 10065 | Gauntlet | Found a runed translucent door.
 10068 | Gauntlet | Found a transporter.
 10069 | Gauntlet | Found a transporter.
 10070 | Gauntlet | Found a transporter.
 10081 | Gauntlet | Found a transporter.
 10082 | Gauntlet | Found a transporter.
 10083 | Gauntlet | Found a transporter.
 10091 | Gauntlet | Found a transporter.
 10094 | Gauntlet | Found a transporter.
 10095 | Gauntlet | Found a transporter.
 10101 | Gauntlet | Found a runed translucent door.
 10102 | Gauntlet | Found a runed translucent door.
 10103 | Gauntlet | Found a transporter.
 10105 | Gauntlet | Noticed an eight-headed hydra
 10106 | Gauntlet | Found a transporter.
 10107 | Gauntlet | Found a transporter.
 10115 | Gauntlet | Found a transporter.
 10443 | Gauntlet | Killed a four-headed hydra
 10516 | Gauntlet | Noticed a minotaur
 10524 | Gauntlet | Killed a minotaur
 10529 | Gauntlet | Got the Encyclopedia of Galvanic Companions
 10733 | Lair:1   | Noticed a boulder beetle
 10746 | Lair:1   | Killed a boulder beetle
 10747 | Lair:1   | Reached skill level 5 in Invocations
 10975 | Lair:1   | Identified the +0 ring mail of the Mind {rC+ Str+3}
 11088 | Lair:1   | Reached skill level 15 in Axes
 11545 | Lair:2   | Noticed a boulder beetle
 11553 | Lair:2   | Killed a boulder beetle
 11554 | Lair:2   | Reached XP level 13. HP: 86/87 MP: 5/17
 11863 | Lair:2   | Found a transporter.
 11871 | Lair:2   | Noticed Harold
 11875 | Lair:2   | Killed Harold
 11933 | Lair:2   | Found a transporter.
 12117 | Lair:2   | Found a staircase to the Shoals.
 12286 | Lair:2   | Noticed relicbr's ghost (journeyman SpDe)
 12405 | Lair:2   | Killed relicbr's ghost
 12408 | Lair:2   | Identified the ring "Nameufa" {*Corrode Will+ Dex+6 SInv}
 12508 | Lair:3   | Reached skill level 16 in Axes
 13091 | Lair:3   | Found a hole to the Spider Nest.
 13312 | Lair:4   | Reached ****** piety under Qazlal
 13501 | Lair:4   | Noticed Josephine
 13514 | Lair:4   | Gained mutation: Your large and strong wings let you fly.
                  | [Gargoyle growth]
 13514 | Lair:4   | Reached XP level 14. HP: 74/94 MP: 6/20
 13518 | Lair:4   | Killed Josephine
 13629 | Lair:4   | Found a staircase to the Slime Pits.
 14059 | Lair:5   | Entered Level 5 of the Lair of Beasts
 14221 | Lair:5   | Reached skill level 17 in Axes
 14232 | Lair:5   | Reached skill level 1 in Dodging
 14674 | Lair:5   | Reached XP level 15. HP: 101/101 MP: 7/22
 14783 | Lair:5   | Identified the +1 cloak of the Lizard {rC- rCorr Str-4
                  | Int+8}
 14802 | Lair:5   | Reached skill level 10 in Invocations
 15531 | Orc:1    | Entered Level 1 of the Orcish Mines
 15544 | Orc:1    | Noticed Erica
 15599 | Orc:1    | Killed Erica
 15996 | Orc:2    | Entered Level 2 of the Orcish Mines
 16357 | Orc:2    | Noticed an orc warlord
 16373 | Orc:2    | Killed an orc warlord
 16386 | Orc:2    | Reached skill level 1 in Evocations
 16557 | Orc:2    | Found a staircase to the Elven Halls.
 16686 | Orc:2    | Found Kasor's Magic Scroll Emporium.
 16686 | Orc:2    | Found Jufit's Distillery.
 16686 | Orc:2    | Found Dicaegam's Antique Armour Boutique.
 16689 | Orc:2    | Found Alomomec's Jewellery Shoppe.
 16693 | Orc:2    | Bought a scroll of poison for 64 gold pieces
 16693 | Orc:2    | Bought 2 scrolls of enchant weapon for 240 gold pieces
 16696 | Orc:2    | Bought a potion of haste for 150 gold pieces
 16696 | Orc:2    | Bought a potion of magic for 120 gold pieces
 16696 | Orc:2    | Bought a potion of curing for 45 gold pieces
 16696 | Orc:2    | Bought a potion of might for 60 gold pieces
 16696 | Orc:2    | Bought a potion of invisibility for 120 gold pieces
 16698 | Orc:2    | Bought a smelly plate armour for 952 gold pieces
 16698 | Orc:2    | Identified the +2 plate armour of the Spider Nest {*Corrode
                  | rN++ Str+3} (You bought it in a shop on level 2 of the
                  | Orcish Mines)
 16730 | Orc:2    | Found a large runed translucent door.
 16730 | Orc:2    | Found a large runed translucent door.
 16733 | Orc:2    | Noticed FexLirch's ghost (adept DgTm)
 17201 | D:13     | Noticed Jorgrun
 17217 | D:13     | Killed Jorgrun
 17218 | D:13     | Reached skill level 18 in Axes
 17510 | D:13     | Reached skill level 15 in Fighting
 17586 | D:13     | Found a gate to the Vaults.
 18440 | D:14     | Found a radiant altar of Vehumet.
 18459 | D:14     | Found a runed translucent gate.
 18460 | D:14     | Found a runed translucent gate.
 18461 | D:14     | Found a runed translucent gate.
 18463 | D:14     | Noticed cforsyth's ghost (adept HuFi)
 18465 | D:14     | Identified the +4 chain mail of the Heavens {*Corrode
                  | Str+5}
 18656 | D:14     | Identified the ring "Peoph" {Will+ Dex+6 Stlth+}
 18719 | D:15     | Entered Level 15 of the Dungeon
 18745 | D:15     | Reached skill level 10 in Armour
 18921 | D:15     | Reached XP level 16. HP: 87/108 MP: 8/24
 18927 | D:15     | Found Zollusil's Antique Weapon Boutique.
 19109 | Orc:2    | Bought the amulet of the Empire {Faith Regen+ MP+9} for 922
                  | gold pieces
 19758 | D:15     | Found a staircase to the Depths.
 20366 | Depths:1 | Entered Level 1 of the Depths
 20728 | Shoals:1 | Entered Level 1 of the Shoals
 20728 | Shoals:1 | Found Piatzaid's CLEARANCE SALE!.
 20762 | Shoals:1 | You are sucked into a shaft and drop 1 floor!
 20974 | Shoals:2 | Found Fuov's General Store.
 20982 | Shoals:2 | Bought a potion of curing for 36 gold pieces
 20982 | Shoals:2 | Bought a scroll of teleportation for 36 gold pieces
 20982 | Shoals:2 | Bought a scroll of teleportation for 36 gold pieces
 20982 | Shoals:2 | Bought a scroll of magic mapping for 90 gold pieces
 22019 | Shoals:1 | Reached XP level 17. HP: 87/116 MP: 11/26
 22174 | Shoals:1 | Noticed a kraken
 22182 | Shoals:1 | Killed a kraken
 22631 | Shoals:3 | Noticed Polyphemus
 22635 | Shoals:3 | Reached skill level 19 in Axes
 22643 | Shoals:3 | Noticed Nikola
 22645 | Shoals:3 | Killed Polyphemus
 22657 | Shoals:3 | Killed Nikola
 22676 | Shoals:3 | HP: 5/116 [wind drake/the air (15)]
 22899 | Shoals:3 | Noticed Kirke
 23023 | Spider:1 | Entered Level 1 of the Spider Nest
 24069 | Spider:2 | HP: 5/117 [disintegration (45)]
 25337 | Spider:3 | Reached XP level 18. HP: 122/124 MP: 12/28
 25375 | Spider:3 | Noticed Arachne
 25395 | Spider:3 | Killed Arachne
 26019 | Spider:4 | Entered Level 4 of the Spider Nest
 26601 | Spider:3 | HP: 4/186 [something (8)]
 27379 | Spider:4 | Reached skill level 15 in Invocations
 27515 | Spider:4 | Got a gossamer rune of Zot
 27610 | Spider:4 | Identified the +1 ring mail of Wupt {Drain Dex+5}
 27977 | Depths:1 | Noticed a titan
 27984 | Depths:1 | Noticed a lich
 28319 | Shoals:3 | Killed Kirke
 28320 | Shoals:3 | Reached skill level 20 in Axes
 29008 | Shoals:4 | Entered Level 4 of the Shoals
 29010 | Shoals:4 | Noticed Louise
 29022 | Shoals:4 | Killed Louise
 29034 | Shoals:4 | Noticed Bai Suzhen
 29084 | Abyss:3  | Cast into level 3 of the Abyss (Bai Suzhen)
 29193 | Shoals:4 | Escaped the Abyss
 29211 | Shoals:4 | Killed Bai Suzhen
 29212 | Shoals:4 | Reached skill level 5 in Dodging
 29392 | Shoals:4 | Reached XP level 19. HP: 126/131 MP: 13/30
 29837 | Shoals:4 | Reached skill level 15 in Armour
 30365 | Shoals:4 | Got a barnacled rune of Zot
 31056 | Elf:1    | Entered Level 1 of the Elven Halls
 31069 | Elf:1    | Paralysed by an air elemental for 1 turns
 31109 | Elf:1    | Noticed a Tzitzimitl
 31682 | Elf:1    | Got the Omnibus of Accompaniment
 31834 | Elf:2    | Found Dova's Distillery.
 31854 | Elf:2    | Bought a potion of heal wounds for 90 gold pieces
 31854 | Elf:2    | Bought a potion of haste for 180 gold pieces
 31854 | Elf:2    | Bought a potion of heal wounds for 90 gold pieces
 31992 | Elf:2    | Noticed Saint Roka
 32037 | Elf:2    | Killed Saint Roka
 32223 | Elf:2    | Noticed Aizul
 32232 | Elf:2    | Killed Aizul
 32307 | Elf:2    | Found a runed translucent gate.
 32307 | Elf:2    | Found a runed translucent gate.
 32328 | Elf:2    | Found a runed translucent gate.
 32488 | Elf:2    | Reached XP level 20. HP: 128/139 MP: 13/32
 32669 | Abyss:3  | Cast into level 3 of the Abyss (+2 executioner's axe of
                  | distortion)
 32692 | Abyss:3  | Found a corrupted altar of Lugonu.
 32771 | Abyss:3  | Noticed a bone dragon
 32783 | Abyss:3  | Killed a bone dragon
 32814 | Abyss:4  | Found a corrupted altar of Lugonu.
 32846 | Abyss:5  | Found a broken altar of Ashenzari.
 32868 | Abyss:5  | Found a broken altar of Ashenzari.
 32883 | Abyss:5  | Reached skill level 5 in Evocations
 32891 | Abyss:5  | Noticed a bone dragon
 32899 | Elf:2    | Escaped the Abyss
 32911 | Elf:2    | Killed a bone dragon
 33153 | Elf:3    | Entered Level 3 of the Elven Halls
 33195 | Elf:3    | Shot with an arrow by a deep elf master archer

Illustrated notes

Levels and vault maps discovered:
D:1:      dpeg_arrival_circle_labyrinth_c, layout_loops_ring
D:2:      layout_rooms, ebering_ecumenical_altar_abandoned, serial_rivers,
          chequers_serial_rivers_large_a, chequers_serial_rivers_room_b,
          chequers_serial_rivers_large_b, chequers_serial_rivers_micro_b
D:3:      minmay_thinvault, layout_loops_corners, minitemple, uniq_sigmund
D:4:      layout_basic, minmay_temple_entry_statues_pillars,
          ebering_ghost_sewer_f
D:5:      layout_cave_pools, lemuel_round_altar, minmay_circle_x,
          uniq_prince_ribbit1
D:6:      layout_cave_pods, makhleb_grotto_becter, amcnicky_altar_gilded,
          lemuel_round_altar, minmay_fractal_squares_gapless_5, uniq_edmund
D:7:      layout_loops_ring, grunt_decor_resistance
D:8:      layout_gridville, erik_lair_orcish_takeover, enter_bailey_2,
          ebering_ghost_disaster_area, kennysheep_generic_room_9
D:9:      layout_stronghold, cheibriados_altar_2, minmay_protected_statue
D:10:     layout_loops_ring, chequers_jeans, st_stairs_14
D:11:     layout_irregular_city, kennysheep_orc_monster_closet_entryway
D:12:     layout_small_grid, nicolae_trove_entry_crystal, minmay_radiant
D:13:     layout_basic, grunt_vaults_entry_tiered, serial_park_tiny_1,
          chequers_serial_rivers_marsh, minivault_16, uniq_jorgrun
D:14:     layout_long_grid, fiery_altar_vehumet, biasface_ghost_orc_armoury
D:15:     grunt_enter_depths_hoard, layout_basic, chequers_serial_rivers_marsh,
          serial_shops, shop, serial_curves, eino_curves_02, eino_curves_02,
          patterned_corridor
Temple:   minmay_freezing_vapour_temple
Lair:1:   layout_loops_ring, gauntlet_entry_generic, roderic_batcave,
          nicolae_lair_lindhole
Lair:2:   layout_regular_city, elwin_shoals_entry_rooms,
          gammafunk_ghost_berserking_beasts, uniq_harold
Lair:3:   layout_hall_layers, spider_nest_entry_a
Lair:4:   layout_long_grid, minmay_slime_entry_oklob_enclosed, uniq_josephine
Lair:5:   minmay_lair_end_frog_pond, layout_cave_pods,
          chequers_serial_rivers_room_b, grunt_forest_large_clearings
Shoals:1: layout_shoals, nicolae_shop_clearance
Shoals:2: layout_shoals, serial_shops, shop, nicolae_shoals_lost_giant_pillars
Shoals:3: layout_shoals, nicolae_shoals_wave_tunnel, uniq_nikola,
          uniq_polyphemus, uniq_kirke
Shoals:4: shoals_end_hangedman, layout_shoals, uniq_bai_suzhen, uniq_louise
Spider:1: layout_cave_pods
Spider:2: layout_cave_pods, portal_ice_cave_entry_ice_simulacra
Spider:3: layout_spider_delve, uniq_arachne
Spider:4: grunt_spider_rune_circles
Orc:1:    layout_caves, basic_altar, library_closet, nicolae_orc_bridge_out,
          uniq_erica
Orc:2:    st_orc_rangers, layout_caves, ebering_ghost_disaster_area
Elf:1:    minmay_elf_arrival_plus, layout_geoelf_grid, minmay_elf_demonology
Elf:2:    nicolae_elf_blades_splatter_lattice [mumra_blade_entry_dagger],
          layout_loops_cross, serial_shops, shop_coins, uniq_saint_roka,
          uniq_aizul
Elf:3:    grunt_elf_hall_branching, layout_loops_cross
Depths:1: layout_honeycomb, enter_ziggurat_a, abyss_entry_flame_altar,
          minmay_holes, hell_entry, minmay_mirror_moons_of_madness,
          uniq_asterion

Skill      XL: |  1  2  3  4  5  6  7  8  9 10 11 12 13 14 15 16 17 18 19 20 |
---------------+-------------------------------------------------------------+-----
Axes           | 2 3 4 5 6 8 10 11 13 15 16 17 18 19 20 | 20.7
Fighting       | 4 5 6 7 9 10 12 13 14 15 16 17 18 19 | 19.4
Armour         | 4 5 6 7 8 10 11 13 14 15 | 15.9
Invocations    | 3 4 5 8 9 11 12 14 15 16 | 16.5
Dodging        | 2 4 5 6 7 |  7.2
Evocations     | 2 4 5 |  5.2
Shields        | |  3.2

Action                     |  1- 3 |  4- 6 |  7- 9 | 10-12 | 13-15 | 16-18 | 19-21 || total
---------------------------+-------+-------+-------+-------+-------+-------+-------++-------
  Melee: War axe           |    81 |   139 |   296 |    73 |    17 |       |       ||   606
         Battleaxe         |       |       |       |   160 |       |       |       ||   160
         Hand axe          |       |       |       |    46 |       |       |       ||    46
         Executioner's axe |       |       |       |   298 |   806 |  1188 |   581 ||  2873
 Invoke: Upheaval          |       |       |       |       |     1 |     9 |     4 ||    14
         Elemental Force   |       |       |       |       |     3 |     6 |     2 ||    11
  Evoke: Wand              |       |       |     1 |       |       |     3 |       ||     4
         Phantom mirror    |       |       |       |       |       |     1 |       ||     1
    Use: Scroll            |     4 |     7 |     3 |    14 |     8 |     9 |     1 ||    46
         Potion            |       |       |     3 |     1 |     2 |    12 |     1 ||    19
   Stab: Distracted        |       |       |       |       |     2 |       |       ||     2
         Paralysed         |       |       |       |       |     4 |       |       ||     4
         Held in net/web   |       |       |       |       |       |     3 |       ||     3
         Invisible         |       |       |       |       |       |     1 |       ||     1
 Armour: Scale mail        |    37 |       |       |       |       |       |       ||    37
         Plate armour      |       |   104 |   222 |   506 |   699 |  1402 |   446 ||  3379
  Dodge: Dodged            |    31 |    50 |    99 |   276 |   431 |   741 |   236 ||  1864
         Repelled          |       |       |     4 |     7 |     7 |     7 |    19 ||    44
  Block: Buckler           |    20 |    25 |   116 |    59 |       |       |       ||   220
         Other             |       |       |       |   148 |   435 |   600 |   200 ||  1383

Table legend: (Time is in decaauts)
 A = Elapsed time spent in this place.
 B = Non-inter-level travel time spent in this place.
 C = Inter-level travel time spent in this place.
 D = Time resting spent in this place.
 E = Time spent auto-exploring this place.
 F = Levels seen in this place.
 G = Mean time per level.
                   A        B        C        D        E       F      G
               +--------+--------+--------+--------+--------+-----+--------+
         Total |  33389 |  30261 |   3128 |   1880 |  19628 |  41 |  814.4 |
       Dungeon |  14181 |  12425 |   1756 |    186 |   9478 |  15 |  945.4 |
        Temple |     25 |     20 |      5 |      0 |     10 |   1 |   25.0 |
          Lair |   5254 |   4652 |    602 |     35 |   3633 |   5 | 1050.8 |
        Shoals |   4654 |   4357 |    297 |    407 |   2260 |   4 | 1163.5 |
   Spider Nest |   4644 |   4455 |    189 |    940 |   1980 |   4 | 1161.0 |
  Orcish Mines |   1625 |   1473 |    152 |    172 |    880 |   2 |  812.5 |
   Elven Halls |   1827 |   1728 |     99 |      5 |   1058 |   3 |  609.0 |
        Depths |    131 |    106 |     25 |      0 |     32 |   1 |  131.0 |
         Abyss |    325 |    325 |      0 |      2 |     56 |   4 |   81.2 |
        Bailey |    200 |    200 |      0 |      0 |     79 |   1 |  200.0 |
      Gauntlet |    519 |    519 |      0 |    132 |    161 |   1 |  519.0 |
               +--------+--------+--------+--------+--------+-----+--------+

Top non-repeatable levels by time:
    D:15: 1502 daAuts
Shoals:4: 1485 daAuts
Spider:3: 1426 daAuts
     D:9: 1363 daAuts
Shoals:2: 1344 daAuts
  Lair:5: 1249 daAuts
Spider:1: 1175 daAuts
  Lair:1: 1155 daAuts
     D:3: 1136 daAuts
  Lair:2: 1135 daAuts
Spider:2: 1089 daAuts
   Elf:2: 1071 daAuts
     D:1: 1032 daAuts
     D:6: 1029 daAuts
Shoals:3: 1023 daAuts
